 Dungeon Crawl Stone Soup version 0.25-a0-860-gf695395b5c (webtiles) character file.

Game seed: 12467552633948247495, levelgen mode: deterministic

80 vehumet the Charmwright (level 4, 0/37 HPs)
             Began as a Draconian Skald on Apr 28, 2020.
             Succumbed to an adder's poison
             ... on level 2 of the Dungeon.
             The game lasted 00:07:46 (1661 turns).

vehumet the Charmwright (Draconian Skald)           Turns: 1661, Time: 00:07:46

Health: 0/37       AC:  5    Str: 13    XL:     4   Next: 18%
Magic:  8/8        EV: 12    Int: 14    God:
Gold:   48         SH:  0    Dex: 11    Spells: 5/8 levels left

rFire    . . .     SeeInvis .   c - -3 spear (curse)
rCold    . . .     Gourm    .   (no shield)
rNeg     . . .     Faith    .   (armour unavailable)
rPois    .         Spirit   .   (helmet restricted)
rElec    .         Reflect  .   (no cloak)
rCorr    .         Harm     .   (no gloves)
MR       .....                  (no boots)
Stlth    +.........             (no amulet)
HPRegen  0.12/turn              (no ring)
MPRegen  0.11/turn              (no ring)

@: lethally poisoned (0 -> -12), flying
A: unfitting armour, cold-blooded, AC +5
a: no special abilities


You were on level 2 of the Dungeon.
You were not hungry.

You visited 1 branch of the dungeon, and saw 2 of its levels.

You collected 48 gold pieces.

Inventory:

Hand Weapons
 a - a +0 hand axe
 c - a cursed -3 spear (weapon)
Comestibles
 e - 3 rations


   Skills:
 + Level 2.4 Fighting
 + Level 3.0 Axes
 + Level 2.4 Dodging
 + Level 0.2 Stealth
 + Level 2.8 Spellcasting
 + Level 3.1 Charms


You had 5 spell levels left.
You knew the following spells:

 Your Spells              Type           Power        Failure   Level  Hunger
a - Infusion              Chrm           ##..         6%          1    #......
b - Song of Slaying       Chrm           ##......     10%         2    ##.....

Your spell library contained the following spells:

 Spells                   Type           Power        Failure   Level  Hunger
 Shroud of Golubria       Chrm/Tloc      #.....       17%         2    ##.....
 Ozocubu's Armour         Chrm/Ice       #.......     34%         3    ###....
 Spectral Weapon          Hex/Chrm       #.......     34%         3    ###....


Dungeon Overview and Level Annotations

Branches:
Dungeon (2/15)

Altars:
Sif Muna


Innate Abilities, Weirdness & Mutations

Your plain brown scales are hard. (AC +5)
You cannot fit into any form of body armour.
You are cold-blooded and may be slowed by cold attacks.


Message History

* * * LOW HITPOINT WARNING * * *
You closely miss the adder. You tail-slap the adder.
The adder is heavily wounded.
The adder bites you but does no damage. The adder bites you.
* * * LOW HITPOINT WARNING * * *
You are lethally poisoned!
The adder poisons you!
As you read the scroll labeled RITOAR XYOCA, it crumbles to dust.
The scroll dissolves into smoke.
It was a scroll of fog.
* * * LOW HITPOINT WARNING * * *
You feel sick. The adder closely misses you.
* * * LOW HITPOINT WARNING * * *
You feel sick. The adder barely misses you.
* * * LOW HITPOINT WARNING * * *
You feel sick. The adder bites you.
* * * LOW HITPOINT WARNING * * *
You are more poisoned.
The adder poisons you!
You eat one of the 4 rations.
That ration really hit the spot!
You die...

#### #...#. #......
####....... ######
####§.........
#.....###§Sw§#.......<
#......§§@####........
#......§### #........
############.## #.....##.
###...........).# #...#..#
#_'.............#####...#....
###...................... .$.
#############.####### ..
....##.##########..
.......^............


You could see a worm and an adder.

Vanquished Creatures
  3 adders (D:2)
  2 worms (D:2)
  2 dart slugs
  2 leopard geckos
  2 giant cockroaches (D:1)
  5 goblins
  4 hobgoblins (D:1)
  A ball python (D:1)
  7 bats
  6 frilled lizards
  6 kobolds
  3 rats (D:1)
  2 plants (D:1)
45 creatures vanquished.

Notes
Turn   | Place    | Note
-------+----------+-------------------------------------------
     0 | D:1      | vehumet the Draconian Skald began the quest for the Orb.
     0 | D:1      | Reached XP level 1. HP: 17/17 MP: 3/3
   224 | D:1      | Reached XP level 2. HP: 17/24 MP: 0/5
   307 | D:1      | Learned a level 2 spell: Song of Slaying
   670 | D:1      | Reached XP level 3. HP: 30/30 MP: 1/6
  1264 | D:2      | Reached XP level 4. HP: 20/37 MP: 8/8
  1597 | D:2      | Found a shimmering blue altar of Sif Muna.
  1660 | D:2      | HP: 1/37 [adder (4)]
  1661 | D:2      | Succumbed to an adder's poison

Levels and vault maps discovered:
D:1:      giann_bridges, layout_basic, minivault_14, st_stairs_1
D:2:      layout_rooms, lemuel_blue_sif_altar, first_ration, uniq_robin

Skill      XL: |  1  2  3  4 |
---------------+-------------+-----
Charms         | 3 |  3.1
Axes           | 3 |  3.0
Fighting       | |  2.4
Dodging        | |  2.4
Stealth        | |  0.2
Spellcasting   | |  2.8

Action                   |  1- 3 |  4- 6 || total
-------------------------+-------+-------++-------
Melee: Hand axe          |   204 |    22 ||   226
       Tailslap          |    21 |     7 ||    28
       Spear             |       |    17 ||    17
 Cast: Infusion          |    10 |       ||    10
       Song of Slaying   |     5 |     1 ||     6
  Use: Scroll            |       |     2 ||     2
       Potion            |       |     1 ||     1
  Eat: Ration            |     1 |     1 ||     2
Armor: Skin              |    72 |     7 ||    79
Dodge: Dodged            |   103 |    27 ||   130

Table legend:
 A = Non-vault XP
 B = Vault XP
 C = Vault XP percentage of total XP
 D = Non-vault monster count
 E = Vault monster count
 F = Vault count percentage of total count
                 A         B        C        D         E       F
            +---------+---------+-------+---------+---------+-------
      Total |     111 |       4 |   3.5 |      40 |       3 |   7.0
            +---------+---------+-------+---------+---------+-------
        D:1 |      44 |       4 |   8.3 |      27 |       3 |  10.0
        D:2 |      67 |       0 |   0.0 |      13 |       0 |   0.0
            +---------+---------+-------+---------+---------+-------
